 Dungeon Crawl Stone Soup version 0.28.0-49-g6dfe1f597d (webtiles) character file.

Game seed: 7415516448098480177

11 CryoSword the Skirmisher (level 2, -1/24 HPs)
             Began as a Demonspawn Abyssal Knight on May 16, 2022.
             Was a Follower of Lugonu.
             Slain by a jackal (3 damage)
             ... on level 1 of the Dungeon.
             The game lasted 00:00:18 (234 turns).

CryoSword the Skirmisher (Demonspawn Abyssal Knight) Turns: 234, Time: 00:00:18

Health: -1/24      AC:  3    Str: 13    XL:     2   Next: 13%
Magic:  3/3        EV: 13    Int: 11    God:    Lugonu [*.....]
Gold:   21         SH:  0    Dex: 13    Spells: 1/1 levels left

rFire   . . .      SeeInvis .   a - +1 falchion
rCold   . . .      Faith    .   (no shield)
rNeg    . . .      Spirit   .   b - +0 leather armour
rPois   .          Reflect  .   (no helmet)
rElec   .          Harm     .   (no cloak)
rCorr   .          Rampage  .   (no gloves)
Will    .....                   (no boots)
Stlth   +.........              (no amulet)
HPRegen 0.08/turn               (no ring)
MPRegen 0.08/turn               (no ring)

@: no status effects
A: repulsion field 1
a: Renounce Religion, Depart the Abyss


You were on level 1 of the Dungeon.
You worshipped Lugonu.
Lugonu was aware of your devotion.
You visited 1 branch of the dungeon, and saw 1 of its levels.
You visited the Abyss 1 time.

You collected 21 gold pieces.

Inventory:

Hand Weapons
 a - a +1 falchion (weapon)
Armour
 b - a +0 leather armour (worn)
Potions
 c - a potion of curing {unknown}


   Skills:
 - Level 3.0 Fighting
 + Level 2.6 Long Blades
 - Level 1.7 Armour
 - Level 0.8 Dodging
 - Level 2.4 Invocations


You had one spell level left.
You didn't know any spells.
Your spell library was empty.

Dungeon Overview and Level Annotations

Branches:
Dungeon (1/15)

Altars:


Innate Abilities, Weirdness & Mutations

You are surrounded by a mild repulsion field. (EV +2)


Message History

Welcome, CryoSword the Demonspawn Abyssal Knight.
Will you prevail where others failed? Will you find the Orb of Zot?
Lugonu says: Depart the Abyss and spread corruption, my servant! (use the ability menu to exit the Abyss)
Found a corrupted altar of Lugonu.
Key pressed, stopping explore.
A small abomination comes into view.
A small abomination is nearby!
A small abomination is nearby!
A small abomination is nearby!
You pass through the gate.
You can no longer depart the Abyss at will.
Found 29 arrows.
Found an escape hatch in the floor.
Found a stone staircase leading down.
There is a staircase leading out of the dungeon here.
c - a lumpy white potion You see here a +0 dagger.
A dart slug comes into view.
A dart slug is nearby!
A dart slug is nearby!
A dart slug is nearby!
A kobold comes into view. It is wielding a +0 club.
A rat comes into view.
Found 11 gold pieces.
The kobold hits you but does no damage.
You hit the kobold.
You kill the kobold!
Lugonu accepts your kill. The rat bites you but does no damage.
You see here a +0 club.
You hit the rat.
You kill the rat!
Lugonu accepts your kill.
Your Long Blades skill increases to level 2!
You slash the dart slug! The dart slug barely misses you.
You slash the dart slug!
You kill the dart slug!
Lugonu accepts your kill.
No target in view!
You now have 11 gold pieces.
Found a ring mail.
You now have 21 gold pieces (gained 10).
You see here a +0 ring mail.
Found a stone staircase leading down.
A kobold comes into view. It is wielding a +0 whip.
The kobold shouts!
The kobold hits you but does no damage.
You hit the kobold.
You kill the kobold!
Lugonu accepts your kill.
No target in view!
No target in view!
Things that are here:
a +0 whip; 3 stones
Things that are here:
a +0 whip; 3 stones
There is a stone staircase leading down here.
Could not explore, unopened door.
Could not explore, unopened door.
Could not explore, unopened door.
No target in view!
You open the door.
A ball python, a giant cockroach and 4 jackals come into view.
The jackal barks! x3
The jackal bites you.
A jackal comes into view.
The jackal moves out of view.
The giant cockroach moves out of view.
The jackal barks!
Found a scroll labelled MOZOSHRERUC and 17 stones.
There are monsters nearby!
There are monsters nearby!
You hit the jackal but do no damage.
The jackal bites you but does no damage.
You barely miss the jackal. The jackal completely misses you.
You closely miss the jackal. The jackal bites you.
A dart slug comes into view.
You completely miss the jackal. The jackal completely misses you.
The jackal barely misses you. The jackal bites you.
You hit the jackal.
You kill the jackal!
Lugonu accepts your kill. The jackal closely misses you. The jackal misses you.
You closely miss the jackal. The jackal bites you.
The jackal bites you but does no damage.
The jackal closely misses you.
You are too injured to fight recklessly!
You are too injured to fight recklessly!
You are too injured to fight recklessly!
You are too injured to fight recklessly!
You are too injured to fight recklessly!
You are too injured to fight recklessly!
You are too injured to fight recklessly!
You are too injured to fight recklessly!
You are too injured to fight recklessly!
You are too injured to fight recklessly!
You are too injured to fight recklessly!
You are too injured to fight recklessly!
You are too injured to fight recklessly!
You are too injured to fight recklessly!
The jackal bites you.
You barely miss the jackal. The jackal bites you.
* * * LOW HITPOINT WARNING * * *
The jackal barely misses you.
You hit the jackal. The jackal bites you.
* * * LOW HITPOINT WARNING * * *
You barely miss the jackal.
The jackal bites you but does no damage. x2
You closely miss the jackal.
The jackal bites you but does no damage.
The jackal barely misses you.
You closely miss the jackal. The jackal misses you.
You closely miss the jackal. The jackal bites you.
* * * LOW HITPOINT WARNING * * *
The jackal bites you.
* * * LOW HITPOINT WARNING * * *
You hit the jackal.
You kill the jackal!
Lugonu accepts your kill. The jackal closely misses you.
You have reached level 2!
Your demonic ancestry asserts itself...
You begin to radiate repulsive energy.
You closely miss the jackal. The jackal bites you.
* * * LOW HITPOINT WARNING * * *
The jackal closely misses you.
You slash the jackal!
You kill the jackal!
Lugonu accepts your kill. The ball python misses you.
The ball python closely misses you.
You barely miss the ball python.
The ball python bites you but does no damage.
The ball python grabs you. The ball python constricts you.
You closely miss the ball python. You punch the ball python.
The ball python barely misses you. The ball python constricts you.
You hit the ball python.
You kill the ball python!
Lugonu accepts your kill.
You can now depart the Abyss.
The jackal misses you.
You hit the jackal but do no damage. The jackal barely misses you.
The jackal bites you.
You die...

....#.# ....#.#
#(... ....#.#
#.... #####.##
#.... #..# #....
##.###.... #..#
.?.
##.#####w#######
#......hBh@...#
##..###.#####.#
#..###.###
#..#..>..#
#.....####
#......#
.....###.#.#
.###. #)#.#
#######.#.#


You could see a dart slug, 2 jackals and a giant cockroach.

Vanquished Creatures
  A dart slug (D:1)
  3 jackals (D:1)
  2 kobolds (D:1)
  A ball python (D:1)
  A rat (D:1)
8 creatures vanquished.

Notes
Turn   | Place    | Note
-------+----------+-------------------------------------------
     0 | Abyss:1  | CryoSword the Demonspawn Abyssal Knight began the quest for
                  | the Orb.
     0 | Abyss:1  | Reached XP level 1. HP: 18/18 MP: 2/2
   104 | Abyss:1  | Noticed a small abomination
   106 | D:1      | Escaped the Abyss
   229 | D:1      | Gained mutation: You are surrounded by a mild repulsion
                  | field. (EV +2) [demonic ancestry]
   229 | D:1      | Reached XP level 2. HP: 5/24 MP: 3/3
   233 | D:1      | Reached * piety under Lugonu
   234 | D:1      | Slain by a jackal

Illustrated notes

Levels and vault maps discovered:
D:1:      dpeg_arrival_tiny_i, layout_basic

Skill      XL: |  1 |
---------------+----+-----
Long Blades    | 2 |  2.6
Fighting       | |  3.0
Armour         | |  1.7
Dodging        | |  0.8
Invocations    | |  2.4

Action                   || total
-------------------------++-------
Melee: Falchion          ||    24
       Punch             ||     1
Invok: Depart the Abyss  ||     1
Armor: Leather armour    ||     9
Dodge: Dodged            ||    17
